 Dungeon Crawl Stone Soup version 0.18-a0-1164-g7046a04 (webtiles) character file.

32 poirepourri the Ruffian (level 3, -5/28 HPs)
             Began as a Draconian Transmuter on Jan 25, 2016.
             Slain by a gnoll
             ... wielding a +0 halberd
              (10 damage)
             ... on level 2 of the Dungeon.
             The game lasted 00:03:08 (944 turns).

poirepourri the Ruffian (Draconian Transmuter)       Turns: 944, Time: 00:03:08

Health: -5/28      AC:  5    Str: 13    XL:     3   Next: 10%
Magic:  2/6        EV: 12    Int: 13    God:
Gold:   7          SH:  0    Dex: 11    Spells: 2 memorised, 3 levels left

rFire  . . .     SeeInvis .       - Unarmed
rCold  . . .     Gourm    .     (armour unavailable)
rNeg   . . .     Faith    .     (no shield)
rPois  .         Spirit   .     (helmet restricted)
rElec  .         Dismiss  .     (no cloak)
rCorr  .         Reflect  .     (no gloves)
SustAt .         Harm     .     (no boots)
MR     .....                    (no amulet)
Stlth  +.........               (no ring)
                                f - ring of wizardry

@: not resistant to hostile enchantments, very unstealthy
A: unfitting armour, cold-blooded, AC +5
a: no special abilities


You were on level 2 of the Dungeon.
You were hungry.

You visited 1 branch of the dungeon, and saw 2 of its levels.

You collected 7 gold pieces.

Inventory:

Missiles
 a - 27 arrows
Jewellery
 f - a ring of wizardry (left hand)
Potions
 e - 2 potions of invisibility {unknown}
 g - 3 potions of brilliance {unknown}
Books
 b - a book of Changes

   Spells                             Type                      Level
   a - Beastly Appendage              Transmutation                1
   b - Sticks to Snakes               Transmutation                2
   c - Spider Form                    Transmutation/Poison         3
   d - Ice Form                       Ice/Transmutation            4
   e - Blade Hands                    Transmutation                5
Comestibles
 c - 2 bread rations
 i - 2 fruits
 j - a meat ration


   Skills:
 + Level 1.1 Fighting
 + Level 2.2 Dodging
 + Level 3.5 Unarmed Combat
 + Level 2.3 Spellcasting
 + Level 2.2 Transmutations


You had 3 spell levels left.
You knew the following spells:

 Your Spells              Type           Power        Failure   Level  Hunger
a - Beastly Appendage     Trmt           #.....       4%          1    #......
b - Sticks to Snakes      Trmt           #.......     7%          2    ###....


Dungeon Overview and Level Annotations

Branches:
Dungeon (2/15)

Altars:


Innate Abilities, Weirdness & Mutations

Your plain brown scales are hard (AC +5).
Your body does not fit into most forms of armour.
You are cold-blooded and may be slowed by cold attacks.


Message History

The gnoll is heavily wounded.
The gnoll barely misses you.
You hit the gnoll.
The gnoll is heavily wounded.
The kobold hits you but does no damage.
You hit the gnoll but do no damage.
The gnoll is heavily wounded.
The gnoll barely misses you. The kobold closely misses you.
You hit the gnoll.
The gnoll is almost dead.
The kobold misses you. The gnoll hits you with a halberd!
* * * LOW HITPOINT WARNING * * *
You closely miss the gnoll. Your kick misses the gnoll.
The gnoll is almost dead.
Your talons disappear.
The kobold barely misses you. The gnoll closely misses you.
You closely miss the gnoll.
Your tail-slap misses the gnoll.
The gnoll is almost dead.
The kobold closely misses you. The gnoll hits you with a halberd!
You die...

############
.[....^.[<.#
###########.#
.. #.# #. #.#
#. #)# #. #.#
#.#.#########K#
#...((..(..g@.#
#..g###########
#..... #.g#..
#. #K. .. ... .
.#.# g#.


You could see a gnoll and a kobold.

Vanquished Creatures
  An ooze (D:1)
  3 bats (D:1)
  A bat zombie (D:1)
  3 giant cockroaches (D:1)
  A goblin (D:2)
  3 hobgoblins (D:1)
  3 jackals (D:1)
  A ball python zombie (D:1)
  2 giant newts (D:1)
  6 kobolds
  3 rats (D:1)
27 creatures vanquished.

Vanquished Creatures (collateral kills)
  A hobgoblin (D:1)
  A rat (D:1)
2 creatures vanquished.

Grand Total: 29 creatures vanquished

Notes
Turn   | Place    | Note
--------------------------------------------------------------
     0 | D:1      | poirepourri the Draconian Transmuter began the quest for the Orb.
     0 | D:1      | Reached XP level 1. HP: 16/16 MP: 3/3
   232 | D:1      | Reached XP level 2. HP: 18/23 MP: 3/5
   272 | D:1      | Learned a level 2 spell: Sticks to Snakes
   620 | D:1      | Reached XP level 3. HP: 20/28 MP: 6/6
   944 | D:2      | Slain by a gnoll

Vault maps used:
D:1:      saegor_arrival_fortress
D:2:      nicolae_gozag_cash_rules_everything_around_me, corner_web_ring,
          nicolae_dithmenos_through_a_glass_darkly

Action                   || total
-------------------------++-------
Melee: Unarmed           ||   111
 Cast: Beastly Appendage ||     8
       Sticks to Snakes  ||     5
  Use: Scroll            ||     3
